 Dungeon Crawl Stone Soup version 0.31-a0-1019-g3dd9dd1025 (webtiles) character file.

Game seed: 906431989801622692

53 Ivernyr the Shield-Bearer (level 4, 37/37 HPs)
             Began as a Formicid Fighter on Nov 17, 2023.
             Got out of the dungeon alive.
             The game lasted 00:02:09 (1177 turns).

Ivernyr the Shield-Bearer (Formicid Fighter)        Turns: 1177, Time: 00:02:10

Health: 37/37      AC:  7    Str: 22    XL:     4   Next: 10%
Magic:  4/4        EV:  9    Int:  8    God:
Gold:   147        SH:  5    Dex: 13    Spells: 3/3 levels left

rFire   . . .        a - +0 quarterstaff
rCold   . . .        c - +0 buckler
rNeg    . . .        b - +0 scale mail
rPois   .            (helmet unavailable)
rElec   .            (no cloak)
rCorr   .            (no gloves)
SInv    +            (no boots)
Will    .....        (no amulet) Stlth
                     (no ring)
HPRegen 0.26/turn    (no ring)
MPRegen 0.09/turn

%: no passive effects
@: no status effects
A: permanent stasis, dig shafts and tunnels, antennae 3, four strong arms
a: Dig, Shaft Self


You escaped.
You visited 1 branch of the dungeon, and saw 2 of its levels.

You collected 147 gold pieces.

Inventory:

Hand Weapons
 a - a +0 quarterstaff (weapon)
Armour
 b - a +0 scale mail (worn)
 c - a +0 buckler (worn)
Scrolls
 e - a scroll of fog {unknown}
 g - 5 scrolls of teleportation {unknown}
 h - a scroll of immolation {unknown}
 i - a scroll of silence {unknown}
 j - a scroll of butterflies {unknown}
 l - a scroll of poison {unknown}
 m - 2 scrolls of identify {unknown}
Potions
 d - a potion of might
 f - a potion of curing {unknown}
 k - a potion of attraction {unknown}


   Skills:
 + Level 3.7 Fighting
 * Level 2.9 Staves
 + Level 3.7 Armour
 + Level 4.4 Shields


You had 3 spell levels left.
You didn't know any spells.
Your spell library contained the following spells:

 Spells                   Type           Power      Damage    Failure   Level
 Foxfire                  Conj/Fire      0%         2x1d4     80%         1
 Lesser Beckoning         Tloc           0%         N/A       90%         2
 Momentum Strike          Conj/Tloc      0%         3d8       90%         2
 Plasma Beam              Fire/Air       0%         2x1d10    100%        6
 Starburst                Conj/Fire      0%         6d3       100%        6
 Blink                    Tloc           Unusable   N/A       N/A         2

Dungeon Overview and Level Annotations

Branches:
Dungeon (2/15)

Altars:


Innate Abilities, Weirdness & Mutations

You cannot be hasted, slowed, berserked, paralysed or teleported.
You can dig through walls and to a lower floor.
You have a pair of large antennae on your head. (SInv)
Your four strong arms can wield two-handed weapons with a shield.


Message History

You thump the giant cockroach!
You kill the giant cockroach!
You now have 132 gold pieces (gained 13).
Things that are here:
a +0 dagger; a frilled lizard corpse
Found a leather armour.
Found a stone staircase leading down.
A kobold comes into view. It is wielding a +0 dagger.
The kobold shouts!
A kobold is nearby!
The kobold barely misses you.
You thump the kobold!
You kill the kobold!
Things that are here:
a +0 dagger; a kobold corpse A hobgoblin comes into view.
The hobgoblin shouts!
A hobgoblin is nearby!
Found a scroll labelled WIGGAO CALIAXU.
The hobgoblin barely misses you.
You closely miss the hobgoblin. The hobgoblin closely misses you.
You closely miss the hobgoblin. You block the hobgoblin's attack.
You closely miss the hobgoblin.
The hobgoblin hits you but does no damage.
You thump the hobgoblin!
You kill the hobgoblin!
You now have 147 gold pieces (gained 15).
You see here a hobgoblin corpse.
m - a scroll labelled WIGGAO CALIAXU
m - 2 scrolls labelled WIGGAO CALIAXU (gained 1) Done exploring.
Done exploring.
Done exploring.
Done exploring.
What level of the Dungeon? (default 2, ? - help)
There is a stone staircase leading up here.
You climb upwards.
There is a stone staircase leading down here.
There is a staircase leading out of the dungeon here.
Alright, then stay!
You have escaped!

#.# #......## #.#P♣P.♣♣PPP
.P#.....###
#.#.PPPP.♣.♣♣♣♣♣P.#...~...~
#.#..♣P.P♣PPP.PP.P#.#.~~~~~
#.#♣P.PPP.♣♣♣PP..P#.#~~~≈~≈
#.#.PPPPPPP♣PPPPP.#.~~≈≈.≈.
#.#################.#~~~~~~
#...................#≈~~≈#.
#.........@.........#≈≈≈≈#.
#..................##≈≈≈≈#.
#.####################≈≈≈##
#.#.P.P.P..P♣PPP.P#####≈### ####
#.#PP.PPPP♣.PP.P♣P#.# #≈##. ...#
#.#PP♣PPP.PPP♣.PP♣#.#######
...####.#PPPP.PPPPP.PPPP#..####.'
......#.#PP.PP..PPP♣P.PP#...##..#
+####.#.# #.......#


There were no monsters in sight!

Vanquished Creatures
  2 adders (D:2)
  3 bats
  4 endoplasms
  A giant cockroach (D:2)
  3 hobgoblins
  A quokka (D:1)
  5 ball pythons
  3 frilled lizards
  A goblin (D:2)
  7 kobolds
  6 rats
36 creatures vanquished.

Notes
Turn   | Place    | Note
-------+----------+-------------------------------------------
     0 | D:1      | Ivernyr the Formicid Fighter began the quest for the Orb.
     0 | D:1      | Reached XP level 1. HP: 18/18 MP: 1/1
   163 | D:1      | Reached XP level 2. HP: 19/24 MP: 2/2
   322 | D:1      | Noticed a shining eye
   324 | D:1      | Found a faded altar of an unknown god.
   326 | D:1      | Noticed a glass eye
   326 | D:1      | Noticed a shining eye
   326 | D:1      | Noticed a glass eye
   846 | D:2      | Reached XP level 3. HP: 18/29 MP: 3/3
  1025 | D:2      | Reached XP level 4. HP: 37/37 MP: 4/4
  1177 | D:$      | Got out of the dungeon alive.

Illustrated notes

Levels and vault maps discovered:
D:1:      minmay_arrival_arboretum_large, layout_basic, serial_rivers,
          chequers_serial_rivers_large_a, chequers_serial_rivers_small_b,
          chequers_serial_rivers_micro_a, chequers_serial_rivers_micro_d,
          chequers_serial_rivers_micro_e, hellmonk_ecumenical_altar_watching_god
D:2:      layout_rooms

Action                     |  1- 3 |  4- 6 || total
---------------------------+-------+-------++-------
  Melee: Quarterstaff      |    85 |     8 ||    93
 Armour: Scale mail        |    52 |     1 ||    53
  Dodge: Dodged            |    41 |     4 ||    45
  Block: Buckler           |    29 |     2 ||    31

Table legend: (Time is in decaauts)
 A = Elapsed time spent in this place.
 B = Non-inter-level travel time spent in this place.
 C = Inter-level travel time spent in this place.
 D = Time resting spent in this place.
 E = Time spent auto-exploring this place.
 F = Levels seen in this place.
 G = Mean time per level.
                   A        B        C        D        E       F      G
               +--------+--------+--------+--------+--------+-----+--------+
         Total |   1206 |   1114 |     92 |     42 |    790 |   2 |  603.0 |
       Dungeon |   1206 |   1114 |     92 |     42 |    790 |   2 |  603.0 |
               +--------+--------+--------+--------+--------+-----+--------+

Top non-repeatable levels by time:
     D:1: 825 daAuts
     D:2: 380 daAuts
